%YAML 1.1
%TAG !u! tag:unity3d.com,2011:
--- !u!1 &2408069064904329156
GameObject:
  m_ObjectHideFlags: 0
  m_CorrespondingSourceObject: {fileID: 0}
  m_PrefabInstance: {fileID: 0}
  m_PrefabAsset: {fileID: 0}
  serializedVersion: 6
  m_Component:
  - component: {fileID: 2408069064904329157}
  - component: {fileID: 2408069064904329158}
  - component: {fileID: 2408069064904329159}
  - component: {fileID: 4462383872799197096}
  - component: {fileID: 5303811636512989415}
  m_Layer: 0
  m_Name: StartHex
  m_TagString: Untagged
  m_Icon: {fileID: 0}
  m_NavMeshLayer: 0
  m_StaticEditorFlags: 0
  m_IsActive: 1
--- !u!4 &2408069064904329157
Transform:
  m_ObjectHideFlags: 0
  m_CorrespondingSourceObject: {fileID: 0}
  m_PrefabInstance: {fileID: 0}
  m_PrefabAsset: {fileID: 0}
  m_GameObject: {fileID: 2408069064904329156}
  m_LocalRotation: {x: 0, y: 0, z: 0, w: 1}
  m_LocalPosition: {x: 0, y: 0, z: 0}
  m_LocalScale: {x: 1, y: 1, z: 1}
  m_Children:
  - {fileID: 7245237709313937802}
  m_Father: {fileID: 0}
  m_RootOrder: 0
  m_LocalEulerAnglesHint: {x: 0, y: 0, z: 0}
--- !u!33 &2408069064904329158
MeshFilter:
  m_ObjectHideFlags: 0
  m_CorrespondingSourceObject: {fileID: 0}
  m_PrefabInstance: {fileID: 0}
  m_PrefabAsset: {fileID: 0}
  m_GameObject: {fileID: 2408069064904329156}
  m_Mesh: {fileID: 2190622540023885545, guid: 4804bc32bb061a047a72e28f9a541b1d, type: 3}
--- !u!23 &2408069064904329159
MeshRenderer:
  m_ObjectHideFlags: 0
  m_CorrespondingSourceObject: {fileID: 0}
  m_PrefabInstance: {fileID: 0}
  m_PrefabAsset: {fileID: 0}
  m_GameObject: {fileID: 2408069064904329156}
  m_Enabled: 1
  m_CastShadows: 1
  m_ReceiveShadows: 1
  m_DynamicOccludee: 1
  m_MotionVectors: 1
  m_LightProbeUsage: 1
  m_ReflectionProbeUsage: 1
  m_RayTracingMode: 2
  m_RayTraceProcedural: 0
  m_RenderingLayerMask: 1
  m_RendererPriority: 0
  m_Materials:
  - {fileID: 2100000, guid: b914a99e6f03ba54cb51f7c06f97787e, type: 2}
  m_StaticBatchInfo:
    firstSubMesh: 0
    subMeshCount: 0
  m_StaticBatchRoot: {fileID: 0}
  m_ProbeAnchor: {fileID: 0}
  m_LightProbeVolumeOverride: {fileID: 0}
  m_ScaleInLightmap: 1
  m_ReceiveGI: 1
  m_PreserveUVs: 0
  m_IgnoreNormalsForChartDetection: 0
  m_ImportantGI: 0
  m_StitchLightmapSeams: 1
  m_SelectedEditorRenderState: 3
  m_MinimumChartSize: 4
  m_AutoUVMaxDistance: 0.5
  m_AutoUVMaxAngle: 89
  m_LightmapParameters: {fileID: 0}
  m_SortingLayerID: 0
  m_SortingLayer: 0
  m_SortingOrder: 0
  m_AdditionalVertexStreams: {fileID: 0}
--- !u!114 &4462383872799197096
MonoBehaviour:
  m_ObjectHideFlags: 0
  m_CorrespondingSourceObject: {fileID: 0}
  m_PrefabInstance: {fileID: 0}
  m_PrefabAsset: {fileID: 0}
  m_GameObject: {fileID: 2408069064904329156}
  m_Enabled: 1
  m_EditorHideFlags: 0
  m_Script: {fileID: 11500000, guid: ea7d7495833204790ba1d3a8755397f8, type: 3}
  m_Name: 
  m_EditorClassIdentifier: 
  ConversionMode: 0
--- !u!114 &5303811636512989415
MonoBehaviour:
  m_ObjectHideFlags: 0
  m_CorrespondingSourceObject: {fileID: 0}
  m_PrefabInstance: {fileID: 0}
  m_PrefabAsset: {fileID: 0}
  m_GameObject: {fileID: 2408069064904329156}
  m_Enabled: 1
  m_EditorHideFlags: 0
  m_Script: {fileID: 11500000, guid: 12aff9e7598a8e846b587f76ab1872d2, type: 3}
  m_Name: 
  m_EditorClassIdentifier: 
  IsPassable: 1
  Type: 2
--- !u!1001 &4513207601132210801
PrefabInstance:
  m_ObjectHideFlags: 0
  serializedVersion: 2
  m_Modification:
    m_TransformParent: {fileID: 2408069064904329157}
    m_Modifications:
    - target: {fileID: 4170629442551176191, guid: fc49977bef5da114b97982809412294a,
        type: 3}
      propertyPath: m_text
      value: Start
      objectReference: {fileID: 0}
    - target: {fileID: 4170629442551176191, guid: fc49977bef5da114b97982809412294a,
        type: 3}
      propertyPath: m_textAlignment
      value: 65535
      objectReference: {fileID: 0}
    - target: {fileID: 4170629442551176191, guid: fc49977bef5da114b97982809412294a,
        type: 3}
      propertyPath: m_TextStyleHashCode
      value: -1183493901
      objectReference: {fileID: 0}
    - target: {fileID: 4170629442551176191, guid: fc49977bef5da114b97982809412294a,
        type: 3}
      propertyPath: m_VerticalAlignment
      value: 512
      objectReference: {fileID: 0}
    - target: {fileID: 4170629442551176191, guid: fc49977bef5da114b97982809412294a,
        type: 3}
      propertyPath: m_HorizontalAlignment
      value: 2
      objectReference: {fileID: 0}
    - target: {fileID: 6498240344381463547, guid: fc49977bef5da114b97982809412294a,
        type: 3}
      propertyPath: m_Pivot.x
      value: 0.5
      objectReference: {fileID: 0}
    - target: {fileID: 6498240344381463547, guid: fc49977bef5da114b97982809412294a,
        type: 3}
      propertyPath: m_Pivot.y
      value: 0.5
      objectReference: {fileID: 0}
    - target: {fileID: 6498240344381463547, guid: fc49977bef5da114b97982809412294a,
        type: 3}
      propertyPath: m_RootOrder
      value: 0
      objectReference: {fileID: 0}
    - target: {fileID: 6498240344381463547, guid: fc49977bef5da114b97982809412294a,
        type: 3}
      propertyPath: m_AnchorMax.x
      value: 0.5
      objectReference: {fileID: 0}
    - target: {fileID: 6498240344381463547, guid: fc49977bef5da114b97982809412294a,
        type: 3}
      propertyPath: m_AnchorMax.y
      value: 0.5
      objectReference: {fileID: 0}
    - target: {fileID: 6498240344381463547, guid: fc49977bef5da114b97982809412294a,
        type: 3}
      propertyPath: m_AnchorMin.x
      value: 0.5
      objectReference: {fileID: 0}
    - target: {fileID: 6498240344381463547, guid: fc49977bef5da114b97982809412294a,
        type: 3}
      propertyPath: m_AnchorMin.y
      value: 0.5
      objectReference: {fileID: 0}
    - target: {fileID: 6498240344381463547, guid: fc49977bef5da114b97982809412294a,
        type: 3}
      propertyPath: m_SizeDelta.x
      value: 1
      objectReference: {fileID: 0}
    - target: {fileID: 6498240344381463547, guid: fc49977bef5da114b97982809412294a,
        type: 3}
      propertyPath: m_SizeDelta.y
      value: 1
      objectReference: {fileID: 0}
    - target: {fileID: 6498240344381463547, guid: fc49977bef5da114b97982809412294a,
        type: 3}
      propertyPath: m_LocalPosition.x
      value: 0
      objectReference: {fileID: 0}
    - target: {fileID: 6498240344381463547, guid: fc49977bef5da114b97982809412294a,
        type: 3}
      propertyPath: m_LocalPosition.y
      value: 0
      objectReference: {fileID: 0}
    - target: {fileID: 6498240344381463547, guid: fc49977bef5da114b97982809412294a,
        type: 3}
      propertyPath: m_LocalPosition.z
      value: -0.011
      objectReference: {fileID: 0}
    - target: {fileID: 6498240344381463547, guid: fc49977bef5da114b97982809412294a,
        type: 3}
      propertyPath: m_LocalRotation.w
      value: 0.7455113
      objectReference: {fileID: 0}
    - target: {fileID: 6498240344381463547, guid: fc49977bef5da114b97982809412294a,
        type: 3}
      propertyPath: m_LocalRotation.x
      value: 0.666493
      objectReference: {fileID: 0}
    - target: {fileID: 6498240344381463547, guid: fc49977bef5da114b97982809412294a,
        type: 3}
      propertyPath: m_LocalRotation.y
      value: -0
      objectReference: {fileID: 0}
    - target: {fileID: 6498240344381463547, guid: fc49977bef5da114b97982809412294a,
        type: 3}
      propertyPath: m_LocalRotation.z
      value: -0
      objectReference: {fileID: 0}
    - target: {fileID: 6498240344381463547, guid: fc49977bef5da114b97982809412294a,
        type: 3}
      propertyPath: m_AnchoredPosition.x
      value: 0
      objectReference: {fileID: 0}
    - target: {fileID: 6498240344381463547, guid: fc49977bef5da114b97982809412294a,
        type: 3}
      propertyPath: m_AnchoredPosition.y
      value: 0.103
      objectReference: {fileID: 0}
    - target: {fileID: 6498240344381463547, guid: fc49977bef5da114b97982809412294a,
        type: 3}
      propertyPath: m_LocalEulerAnglesHint.x
      value: 83.594
      objectReference: {fileID: 0}
    - target: {fileID: 6498240344381463547, guid: fc49977bef5da114b97982809412294a,
        type: 3}
      propertyPath: m_LocalEulerAnglesHint.y
      value: 0
      objectReference: {fileID: 0}
    - target: {fileID: 6498240344381463547, guid: fc49977bef5da114b97982809412294a,
        type: 3}
      propertyPath: m_LocalEulerAnglesHint.z
      value: 0
      objectReference: {fileID: 0}
    - target: {fileID: 6632547231265849646, guid: fc49977bef5da114b97982809412294a,
        type: 3}
      propertyPath: m_Name
      value: HexLabel
      objectReference: {fileID: 0}
    m_RemovedComponents: []
  m_SourcePrefab: {fileID: 100100000, guid: fc49977bef5da114b97982809412294a, type: 3}
--- !u!224 &7245237709313937802 stripped
RectTransform:
  m_CorrespondingSourceObject: {fileID: 6498240344381463547, guid: fc49977bef5da114b97982809412294a,
    type: 3}
  m_PrefabInstance: {fileID: 4513207601132210801}
  m_PrefabAsset: {fileID: 0}
